 Dungeon Crawl Stone Soup version 0.25.1-1-g288607f5aa (webtiles) character file.

Game seed: 2569361653674590641

4407 Curus the Cleaver (level 10, -6/78 HPs)
             Began as a Minotaur Abyssal Knight on July 27, 2020.
             Was a High Priest of Lugonu.
             Mangled by a black mamba (10 damage)
             ... on level 1 of the Lair of Beasts.
             The game lasted 00:52:53 (9531 turns).

Curus the Cleaver (Minotaur Abyssal Knight)         Turns: 9531, Time: 00:52:53

Health: -6/78      AC: 13    Str: 17    XL:     10   Next: 14%
Magic:  16/16      EV:  5    Int:  9    God:    Lugonu [*****.]
Gold:   493        SH:  0    Dex: 13    Spells: 9/9 levels left

rFire    . . .     SeeInvis .   J - +2 demon trident (venom)
rCold    + . .     Gourm    .   (no shield)
rNeg     . . .     Faith    .   y - +0 plate armour
rPois    .         Spirit   .   (helmet restricted)
rElec    .         Reflect  .   x - +0 cloak (curse)
rCorr    .         Harm     .   (no gloves)
MR       .....                  d - +0 pair of boots
Stlth    ..........             (no amulet)
HPRegen  0.23/turn              w - ring of protection from cold
MPRegen  0.15/turn              (no ring)

@: studying Axes
A: retaliatory headbutt, horns 2
a: Depart the Abyss, Bend Space, Banish, Corrupt, Enter the Abyss, Renounce
Religion


You were on level 1 of the Lair of Beasts.
You worshipped Lugonu.
Lugonu was extremely pleased with you.
You were not hungry.

You visited 2 branches of the dungeon, and saw 10 of its levels.
You visited the Abyss 1 time.

You collected 493 gold pieces.

Inventory:

Hand Weapons
 a - a +3 hand axe
 s - a +4 battleaxe
 J - a +2 demon trident of venom (weapon)
Armour
 b - a +0 leather armour
 d - a +0 pair of boots (worn)
 f - a +0 chain mail
 g - a +0 buckler
 i - a +0 ring mail
 k - a +0 buckler of protection
 x - a cursed +0 cloak (worn)
 y - a +0 plate armour (worn)
Jewellery
 w - a ring of protection from cold (left hand)
 A - an uncursed ring of ice
Wands
 q - a wand of paralysis (11)
 r - a wand of iceblast (7)
 t - a wand of flame (31)
 E - a wand of acid (10)
 I - a wand of disintegration (18)
Scrolls
 e - 6 scrolls of teleportation
 h - 11 scrolls of identify
 l - 4 scrolls of fear
 v - 2 scrolls of amnesia
 C - a scroll of magic mapping
 D - 2 scrolls of remove curse
 G - a scroll of fog
Potions
 j - 3 potions of degeneration
 m - 6 potions of curing
 n - 3 potions of cancellation
 o - a potion of heal wounds
 p - 3 potions of brilliance
 u - a potion of flight
 B - a potion of haste
 H - a potion of resistance
Books
 F - a manual of Axes
Comestibles
 c - 18 rations


   Skills:
 + Level 4.1 Fighting
 - Level 13.6 Axes
 + Level 3.1 Armour
 - Level 1.1 Dodging
 - Level 9.7 Invocations


You had 9 spell levels left.
You didn't know any spells.
Your spell library contained the following spells:

 Spells                   Type           Power        Failure   Level  Hunger
 Animate Skeleton         Necr           N/A          100%        1    ##.....
 Apportation              Tloc           #.....       100%        1    ##.....
 Pain                     Necr           #...         100%        1    ##.....
 Sandblast                Erth           #.....       100%        1    ##.....
 Sting                    Tmut/Pois      #...         100%        1    ##.....
 Summon Butterflies       Summ           #.......     100%        1    ##.....
 Passwall                 Tmut/Erth      #.......     100%        2    ###....
 Poisonous Vapours        Pois/Air       #.....       100%        2    ###....
 Confusing Touch          Hex            #.......     100%        3    ####...
 Gell's Gravitas          Tloc           #.........   100%        3    ####...
 Ignite Poison            Fire/Tmut/Pois #.......     100%        3    ####...
 Lesser Beckoning         Tloc           #.........   100%        3    ####...
 Mephitic Cloud           Conj/Pois/Air  #.......     100%        3    ####...
 Stone Arrow              Conj/Erth      #.....       100%        3    ####...
 Tukima's Dance           Hex            #.......     100%        3    ####...
 Olgreb's Toxic Radiance  Pois           #.......     100%        4    #####..
 Petrify                  Tmut/Erth      #.......     100%        4    #####..
 Alistair's Intoxication  Tmut/Pois      #.......     100%        5    ######.
 Lee's Rapid Deconstruct  Erth           #.........   100%        5    ######.
 Metabolic Englaciation   Hex/Ice        #.........   100%        5    ######.
 Yara's Violent Unravell  Hex/Tmut       #.........   100%        5    ######.
 Invisibility             Hex            #.......     100%        6    #######
 Statue Form              Tmut/Erth      #........    100%        6    #######
 Dragon Form              Tmut           #.........   100%        7    #######


Dungeon Overview and Level Annotations

Branches:
Dungeon (9/15)             Temple (0/1) D:5            Lair (1/6) D:9
    Orc (0/2) D:9

Altars:
Cheibriados
Dithmenos
Fedhas
Kikubaaqudgha
Nemelex Xobeh
Okawaru
Sif Muna
Uskayaw
Vehumet
Beogh

Shops:
D:9 (


Innate Abilities, Weirdness & Mutations

You reflexively headbutt those who attack you in melee.
You have a pair of horns on your head.


Message History

Lugonu accepts your kill.
Your Fighting skill increases to level 4!
Your Armour skill increases to level 3!
You start resting.
A black mamba comes into view.
Found a short sword.
Attack whom?
Press: ? - help, Dir - move target cursor, f - black mamba
Aim: a black mamba You reach to attack!
Your plate armour prevents you from hitting the black mamba.
The black mamba bites you but does no damage.
You hit the black mamba.
The black mamba is poisoned.
The black mamba is lightly wounded.
The black mamba bites you!
* * * LOW HITPOINT WARNING * * *
You barely miss the black mamba. Your headbutt misses the black mamba.
The black mamba is lightly wounded.
The black mamba bites you!
You die...

.. #.# ....
.####.. .... ....
..#... ..... #...
....##....#
.....##......(.)#
.....#.#..(......
......#..?S......
.........@..#
...........##
...^...<..##
........†.#
...........#
...........#
.............
..............
.......###...P.


You could see a black mamba (poisoned).

Vanquished Creatures
  Joseph (D:7)
  A komodo dragon (Lair:1)
  A shadow (D:6)
  A spriggan (D:7)
  A vampire (D:9)
  Eustachio (D:5)
  A hungry ghost (D:8)
  Duvessa (D:4)
  A water moccasin (D:9)
  2 orc warriors
  3 phantoms
  2 necrophages
  5 ogres
  2 centaurs
  3 bullfrogs
  Dowan (D:4)
  A scorpion (D:9)
  A quasit (D:9)
  2 crimson imps
  4 orc priests
  3 bullfrog zombies
  2 hounds
  3 jellies
  A centaur skeleton (D:7)
  2 iguanas
  3 worker ants
  8 orc wizards
  Natasha (thrice) (D:4)
  2 hound zombies
  2 hound skeletons
  A howler monkey zombie (D:6)
  A worker ant zombie (D:7)
  Robin (D:2)
  14 adders
  11 gnolls
  A shadow imp (D:6)
  An ooze (D:3)
  An adder zombie (D:5)
  2 adder skeletons
  7 dart slugs
  2 worms
  4 leopard geckos
  37 orcs
  4 giant cockroaches
  24 goblins
  9 hobgoblins
  5 jackals
  2 quokkas
  A ball python (D:3)
  8 bats
  5 frilled lizards
  4 kobolds
  2 quokka skeletons
  6 rats
217 creatures vanquished.

Notes
Turn   | Place    | Note
-------+----------+-------------------------------------------
     0 | Abyss:1  | Curus the Minotaur Abyssal Knight began the quest for the
                  | Orb.
     0 | Abyss:1  | Reached XP level 1. HP: 19/19 MP: 1/1
   182 | Abyss:1  | Noticed a soul eater
   183 | D:1      | Escaped the Abyss
   210 | D:1      | Reached * piety under Lugonu
   291 | D:1      | Reached XP level 2. HP: 26/26 MP: 2/2
   299 | D:1      | Reached skill level 3 in Axes
   668 | D:1      | Reached XP level 3. HP: 28/31 MP: 2/4
  1104 | D:2      | Noticed Robin
  1122 | D:2      | Killed Robin
  1122 | D:2      | Reached skill level 4 in Axes
  1150 | D:2      | Reached ** piety under Lugonu
  1150 | D:2      | Reached XP level 4. HP: 24/39 MP: 5/5
  1549 | D:2      | Found a radiant altar of Vehumet.
  2044 | D:2      | Found an iron altar of Okawaru.
  2402 | D:3      | Reached XP level 5. HP: 45/45 MP: 6/6
  2541 | D:3      | Found a hide-covered altar of Uskayaw.
  2555 | D:3      | Found a snail-covered altar of Cheibriados.
  2565 | D:3      | Found an ancient bone altar of Kikubaaqudgha.
  2568 | D:3      | Found a blossoming altar of Fedhas.
  2569 | D:3      | Found a sparkling altar of Nemelex Xobeh.
  2704 | D:3      | Reached skill level 5 in Axes
  2727 | D:3      | Reached *** piety under Lugonu
  3132 | D:4      | Reached XP level 6. HP: 34/51 MP: 8/8
  3470 | D:4      | Reached skill level 6 in Axes
  3470 | D:4      | Reached skill level 5 in Invocations
  3676 | D:4      | Noticed Dowan
  3677 | D:4      | Noticed Duvessa
  3678 | D:4      | Noticed Natasha
  3698 | D:4      | Killed Duvessa
  3698 | D:4      | Reached XP level 7. HP: 53/57 MP: 8/10
  3705 | D:4      | Killed Natasha
  3710 | D:4      | Reached skill level 7 in Axes
  3713 | D:4      | Killed Dowan
  3777 | D:4      | Identified Ytovaale's Handbook of Transmigration and Unholy
                  | Magic
  3869 | D:4      | Noticed Natasha
  3877 | D:4      | Killed Natasha
  4055 | D:4      | Noticed Natasha
  4064 | D:4      | Killed Natasha
  4148 | D:5      | Entered Level 5 of the Dungeon
  4220 | D:5      | Found a staircase to the Ecumenical Temple.
  4264 | D:5      | Noticed Eustachio
  4275 | D:5      | Killed Eustachio
  4275 | D:5      | Reached skill level 8 in Axes
  4490 | D:5      | Reached **** piety under Lugonu
  4490 | D:5      | Reached XP level 8. HP: 36/64 MP: 12/12
  5490 | D:6      | Found a shadowy altar of Dithmenos.
  5613 | D:6      | Reached skill level 9 in Axes
  6404 | D:6      | Reached skill level 10 in Axes
  6422 | D:6      | HP: 3/64 [something (17)]
  6946 | D:7      | Reached XP level 9. HP: 70/70 MP: 14/14
  6989 | D:7      | Noticed Joseph
  7002 | D:7      | Paralysed by Joseph for 5 turns
  7015 | D:7      | Paralysed by Joseph for 5 turns
  7022 | D:7      | Killed Joseph
  7214 | D:7      | Reached skill level 11 in Axes
  7665 | D:7      | Found a shimmering blue altar of Sif Muna.
  8431 | D:8      | Reached skill level 12 in Axes
  8574 | D:8      | Identified a scroll of acquirement
  8574 | D:8      | Acquired a manual of Axes
  8656 | D:8      | Found a roughly hewn altar of Beogh.
  9054 | D:9      | Reached skill level 13 in Axes
  9229 | D:9      | Found a staircase to the Orcish Mines.
  9229 | D:9      | Found Bejaaji Iptu's Weapon Boutique.
  9234 | D:9      | Reached ***** piety under Lugonu
  9262 | D:9      | Reached XP level 10. HP: 73/77 MP: 16/16
  9490 | D:9      | Found a staircase to the Lair.
  9497 | Lair:1   | Entered Level 1 of the Lair of Beasts
  9526 | Lair:1   | Noticed a black mamba
  9531 | Lair:1   | Mangled by a black mamba

Illustrated notes

Levels and vault maps discovered:
D:1:      dpeg_arrival_court, layout_rooms
D:2:      layout_basic, lemuel_coloured_pillars_altar,
          nicolae_overflow_hidden_temple, uniq_robin
D:3:      minmay_diamond_boxcup, layout_basic, minitemple
D:4:      layout_basic, uniq_duvessa, uniq_natasha
D:5:      layout_basic, minmay_temple_entry_junction_2, first_ration,
          uniq_eustachio
D:6:      minmay_clustersquares, layout_rooms, minivault_23,
          kennysheep_flooded_box
D:7:      minmay_angry_zag, layout_basic, kennysheep_mini_moat,
          small_statue_intersection, the_bakery, uniq_joseph
D:8:      layout_basic, david_defended_altar_orc
D:9:      layout_roguey, lair_entry_dummy, orc_david_3,
          kennysheep_generic_room_2
Lair:1:   layout_cave_shapes

Skill      XL: |  1  2  3  4  5  6  7  8  9 10 |
---------------+-------------------------------+-----
Invocations    | 2 3 4 5 6 8 9 |  9.7
Axes           | 3 4 5 6 8 10 13 | 13.6
Fighting       | 4 |  4.1
Armour         | 3 |  3.1
Dodging        | |  1.1

Action                   |  1- 3 |  4- 6 |  7- 9 | 10-12 || total
-------------------------+-------+-------+-------+-------++-------
Melee: Hand axe          |    92 |   226 |    83 |       ||   401
       Headbutt          |     7 |    31 |    66 |     8 ||   112
       Battleaxe         |       |       |   285 |    23 ||   308
       Demon trident     |       |       |       |    15 ||    15
Invok: Depart the Abyss  |     1 |       |       |       ||     1
Evoke: Wand              |       |       |     1 |       ||     1
  Use: Scroll            |     6 |     4 |     7 |     2 ||    19
       Potion            |     1 |     7 |     6 |       ||    14
 Stab: Invisible         |       |       |     2 |       ||     2
  Eat: Chunk             |     1 |     8 |    16 |     1 ||    26
       Ration            |       |       |     1 |       ||     1
Armor: Ring mail         |    29 |    13 |       |       ||    42
       Leather armour    |     4 |       |       |       ||     4
       Chain mail        |       |   113 |    83 |       ||   196
       Plate armour      |       |       |   138 |    17 ||   155
Dodge: Dodged            |    45 |    69 |    94 |     8 ||   216
Block: Buckler           |     6 |    13 |     8 |       ||    27
